 Dungeon Crawl Stone Soup version 0.24.0-28-g17ded55e90 (webtiles) character file.

Game seed: 1348238071235191287, levelgen mode: deterministic

60 Iamsoldier the Shield-Bearer (level 4, -4/29 HPs)
             Began as a Gargoyle Fighter on Nov 11, 2019.
             Slain by an ogre
             ... wielding a +0 giant club
              (16 damage)
             ... on level 3 of the Dungeon.
             The game lasted 00:05:08 (1697 turns).

Iamsoldier the Shield-Bearer (Gargoyle Fighter)     Turns: 1697, Time: 00:05:09

Health: -4/29      AC: 20    Str: 21    XL:     4   Next: 4%
Magic:  4/4        EV:  4    Int:  8    God:
Gold:   160        SH:  9    Dex:  9    Spells: 3/3 levels left

rFire    + . .     SeeInvis .   a - +0 flail
rCold    x . .     Gourm    .   c - +0 shield
rNeg     + + .     Faith    .   t - +4 plate armour
rPois    ∞         Spirit   .   q - +0 helmet
rElec    +         Reflect  .   (no cloak)
rCorr    .         Harm     .   (no gloves)
MR       .....                  (no boots)
Stlth    ..........             (no amulet)
HPRegen  0.09/turn              h - ring of fire
MPRegen  0.09/turn              k - ring of positive energy

@: no status effects
A: negative energy resistance 1, electricity resistance, unbreathing,
petrification resistance, rot immunity, AC +3
a: no special abilities


You were on level 3 of the Dungeon.
You were hungry.

You visited 1 branch of the dungeon, and saw 3 of its levels.

You collected 160 gold pieces.

Inventory:

Hand Weapons
 a - a +0 flail (weapon)
Armour
 b - a +0 scale mail
 c - a +0 shield (worn)
 q - a +0 helmet (worn)
 t - a +4 plate armour (worn)
Jewellery
 h - a ring of fire (left hand)
 k - a ring of positive energy (right hand)
Wands
 s - a wand of iceblast (7)
Scrolls
 g - a scroll of fog {unknown}
 i - a scroll of identify {unknown}
 j - 2 scrolls of teleportation {unknown}
 o - a scroll of remove curse
 p - a scroll of magic mapping {unknown}
 r - a scroll of immolation {unknown}
Potions
 d - a potion of might
 e - a potion of curing {unknown}
 l - 2 potions of heal wounds {unknown}
 m - a potion of haste {unknown}
 u - a potion of berserk rage {unknown}
Comestibles
 f - 4 rations
 n - 5 chunks of flesh


   Skills:
 + Level 3.8 Fighting
 * Level 2.9 Maces & Flails
 + Level 3.6 Armour
 + Level 3.9 Shields


You had 3 spell levels left.
You didn't know any spells.
Your spell library was empty.

Dungeon Overview and Level Annotations

Branches:
Dungeon (3/15)

Altars:
Vehumet


Innate Abilities, Weirdness & Mutations

You are resistant to torment.
Your stone body is resilient. (AC +3)
You are immune to poison.
You resist negative energy. (rN+)
You are resistant to electric shocks. (rElec)
You can survive without breathing.
You are immune to petrification.
You are immune to rotting.


Message History

The ogre is heavily wounded.
The ogre completely misses you.
Some of the chunks of flesh in your inventory have rotted away.
You hit the ogre.
The ogre is heavily wounded.
The ogre hits you but does no damage.
You hit the ogre.
The ogre is heavily wounded.
The ogre hits you but does no damage.
You hit the ogre but do no damage.
The ogre is heavily wounded.
The ogre hits you with a +0 giant club!
You sock the ogre!
The ogre is almost dead.
The ogre hits you with a +0 giant club.
Your shield and plate armour prevent you from hitting the ogre.
The ogre is almost dead.
The ogre hits you with a +0 giant club!
Ouch! That really hurt!
You die...

#######
##.....##
##.......##
#.....?...#
#.......(.#
#.........#
#.........#
#.........#
#..O@.....# .#
####.......!.#
? .
.............#
## ..
..##.........#
.#..# .
#.........#
....#
##.......##
...##..
##.....##
...#...
##.####
#.##..# #.#


You could see an ogre.

Vanquished Creatures
  An adder (D:2)
  An ooze (D:2)
  A worm (D:2)
  A dart slug (D:1)
  2 leopard geckos
  2 ball pythons
  2 giant cockroaches (D:3)
  5 goblins
  5 hobgoblins
  4 bats
  3 frilled lizards
  5 kobolds
  10 rats
42 creatures vanquished.

Vanquished Creatures (others)
  A hobgoblin (D:3)
1 creature vanquished.

Grand Total: 43 creatures vanquished

Notes
Turn   | Place    | Note
-------+----------+-------------------------------------------
     0 | D:1      | Iamsoldier the Gargoyle Fighter began the quest for the
                  | Orb.
     0 | D:1      | Reached XP level 1. HP: 14/14 MP: 1/1
   148 | D:1      | Reached XP level 2. HP: 18/19 MP: 2/2
   934 | D:2      | Reached XP level 3. HP: 24/24 MP: 3/3
  1563 | D:3      | Found a radiant altar of Vehumet.
  1578 | D:3      | Reached XP level 4. HP: 29/29 MP: 4/4
  1685 | D:3      | Noticed an ogre
  1697 | D:3      | Slain by an ogre

Levels and vault maps discovered:
D:1:      ebering_hopf_link, layout_basic, serial_rivers,
          chequers_serial_rivers_small_3, chequers_serial_rivers_micro_b,
          chequers_serial_rivers_large_a, chequers_serial_rivers_small_b,
          chequers_serial_rivers_micro_c, minmay_misc_feat_ornament
D:2:      layout_basic
D:3:      layout_rooms, fiery_altar_vehumet, minmay_puff

Action                   |  1- 3 |  4- 6 || total
-------------------------+-------+-------++-------
Melee: Flail             |   159 |    23 ||   182
  Use: Scroll            |     1 |       ||     1
  Eat: Chunk             |     2 |       ||     2
Armor: Scale mail        |    47 |       ||    47
       Plate armour      |    66 |    18 ||    84
Dodge: Dodged            |    35 |     3 ||    38
Block: Shield            |   108 |    12 ||   120
